 Dungeon Crawl Stone Soup version 0.25-a0-668-gea548f19b6 (webtiles) character file.

Game seed: 1059786043197438207, levelgen mode: deterministic

11 sanka the Vexing (level 2, 0/11 HPs)
             Began as a Felid Wanderer on Mar 28, 2020.
             Slain by a jackal (1 damage)
             ... on level 1 of the Dungeon.
             The game lasted 00:02:01 (327 turns).

sanka the Vexing (Felid Wanderer)                    Turns: 327, Time: 00:02:02

Health: 0/11       AC:  1    Str:  6    XL:     2   Next: 17%
Magic:  7/7        EV: 15    Int: 13    God:
Gold:   27         SH:  0    Dex: 17    Spells: 6/7 levels left
                                        Lives:  0   Deaths: 0

rFire    . . .     SeeInvis +   (weapon unavailable)
rCold    . . .     Gourm    .   (shield unavailable)
rNeg     . . .     Faith    .   (armour unavailable)
rPois    .         Spirit   .   (helmet unavailable)
rElec    .         Reflect  .   (cloak unavailable)
rCorr    .         Harm     .   (gloves unavailable)
MR       .....                  (boots unavailable)
Stlth    +++.......             (no amulet)
HPRegen  0.03/turn              (no ring)
MPRegen  0.10/turn              (no ring)

@: quick
A: very small, no armour, no weapons or thrown items, stealth, claws 1, fangs 3,
see invisible, carnivore, speed 1, shaggy fur 1, slow metabolism 1, sharp paws
a: no special abilities


You were on level 1 of the Dungeon.
You were very full.

You visited 1 branch of the dungeon, and saw 1 of its levels.

You collected 27 gold pieces.


Innate Abilities, Weirdness & Mutations

You cannot wear armour.
You are incapable of wielding weapons or throwing items.
Your paws allow you to move quietly. (Stealth)
You have sharp claws.
You have razor-sharp teeth.
You have supernaturally acute eyesight. (SInv)
You are carnivorous and can eat meat at any time.
You cover ground quickly.
You are covered in fur. (AC +1)
You have a slow metabolism.
Your sharp claws are effective at attacking unaware monsters.


   Skills:
 - Level 2.6 Stealth
 + Level 0.4 Unarmed Combat
 - Level 3.0 Spellcasting
 - Level 2.0 Conjurations
   Level 3.0 Hexes
   Level 1.2 Charms
   Level 1.1 Transmutations


You had 6 spell levels left.
You knew the following spells:

 Your Spells              Type           Power        Failure   Level  Hunger
z - Magic Dart            Conj           #...         10%         1    #......

Your spell library contained the following spells:

 Spells                   Type           Power        Failure   Level  Hunger
 Slow                     Hex            #.......     10%         2    ###....
 Sandblast                Erth           #.....       22%         1    #......
 Blink                    Tloc           N/A          34%         2    ###....
 Call Imp                 Summ           #.......     34%         2    ###....
 Conjure Flame            Conj/Fire      #.......     41%         3    ###....
 Stone Arrow              Conj/Erth      #.....       41%         3    ###....
 Mephitic Cloud           Conj/Pois/Air  #.......     45%         3    ###....

Inventory:

Scrolls
 a - a scroll of identify {unknown}
Potions
 c - a potion of curing {@q1}
Comestibles
 d - a ration

Dungeon Overview and Level Annotations

Branches:
Dungeon (1/15)

Altars:

.†..▒ ▒▒.g▒...▒ .▒
....▒▒▒▒.....▒ ▒▒.▒ ▒
............▒▒ ... .▒
..).▒▒▒▒▒..r.▒▒▒▒.▒ ..▒▒
......▒ ▒▒........▒▒.▒..
..▒▒▒.▒▒▒.....(..▒.....▒
...▒▒.▒▒.K...........▒▒▒
...▒▒.(.........hK......
...▒▒▒▒.........h...▒▒..
...▒▒ ▒.............▒▒..
....▒ ▒...........▒.....
....▒▒▒▒....▒▒......▒▒..
....▒...................
........▒▒▒▒▒▒▒▒.....▒▒▒
...(...▒▒▒▒▒▒▒▒......▒
...>......K..........▒
........B......▒▒.▒.▒▒


You could see a jackal, 2 kobolds and a rat.


Message History

Unknown command.
The kobold shouts!
The kobold hits you with a +0 short sword!
Ouch! That really hurt!
* * * LOW HITPOINT WARNING * * *
The hobgoblin hits you.
* * * LOW HITPOINT WARNING * * *
Unknown command.
A goblin comes into view.
It is wielding a +0 short sword and quivering 17 poisoned darts.
The hobgoblin barely misses you.
Found 18 stones.
You see here a rat corpse.
A jackal comes into view.
Found a scroll labeled PUSANT GUYVA and a potion of curing.
The jackal barks!
A jackal comes into view.
You see here a scroll labeled PUSANT GUYVA.
A frilled lizard comes into view.
A kobold comes into view. It is wielding a -1 dagger.
The jackal misses you.
A rat comes into view.
The jackal closely misses you.
A kobold comes into view. It is wielding a +0 club.
The kobold shouts!
The kobold throws a stone.
The stone hits you.
* * * LOW HITPOINT WARNING * * *
You see here a stone.
The jackal bites you.
You die...

Action                   || total
-------------------------++-------
Melee: Unarmed           ||     4
 Cast: Magic Dart        ||    18
  Eat: Chunk             ||     4
Armor: Skin              ||     1
Dodge: Dodged            ||    11

Levels and vault maps discovered:
D:1:      lemuel_arrival_broad_hall, layout_rooms

Notes
Turn   | Place    | Note
-------+----------+-------------------------------------------
     0 | D:1      | sanka the Felid Wanderer began the quest for the Orb.
     0 | D:1      | sanka set off with the following items: a potion of curing
                  | {@q1}, a ration; and the following spells available to
                  | memorise: Slow, Magic Dart, Sandblast, Blink, Call Imp,
                  | Conjure Flame, Stone Arrow, Mephitic Cloud
     0 | D:1      | Reached XP level 1. HP: 7/7 MP: 5/5
     2 | D:1      | Learned a level 1 spell: Magic Dart
   189 | D:1      | Reached skill level 2 in Conjurations
   189 | D:1      | Reached XP level 2. HP: 11/11 MP: 1/7
   292 | D:1      | HP: 1/11 [hobgoblin (3)]
   324 | D:1      | HP: 1/11 [kobold/stone (1)]
   327 | D:1      | Slain by a jackal

Vanquished Creatures
  A leopard gecko (D:1)
  3 bats (D:1)
  2 goblins (D:1)
  A kobold (D:1)
  2 frilled lizards (D:1)
  2 rats (D:1)
11 creatures vanquished.
